 Dungeon Crawl Stone Soup version 0.28.0 (webtiles) character file.

Game seed: 7696833711794140032

311595 GrayStillPlays the Peltast (level 20, -8/172 (174) HPs)
             Began as a Demonspawn Fighter on Feb 12, 2022.
             Was a High Priest of Ashenzari.
             Mangled by a wraith (9 damage)
             ... summoned by a curse skull
             ... on level 2 of the Depths on Feb 13, 2022.
             The game lasted 02:52:47 (47368 turns).

GrayStillPlays the Peltast (Demonspawn Fighter)    Turns: 47368, Time: 02:52:48

HP:   -8/172 (174)  AC: 29    Str: 32    XL:     20   Next: 42%
MP:   0/30          EV: 18    Int: 10    God:    Ashenzari [*****.]
Gold: 2338          SH: 32    Dex: 15    Spells: 37/37 levels left

rFire   . . .      SeeInvis +   z - +9 broad axe (venom) {axe}
rCold   . . .      Faith    .   S - +11 tower shield of the Revealing Comet {Rampage Str+3, Elem, Alch} (curse)
rNeg    . . .      Spirit   +   A - +5 scale mail {rPois}
rPois   +          Reflect  .   i - +1 helmet "Behold Eternity" {Self, Fort} (curse)
rElec   +          Harm     .   P - +2 cloak "Restrained Adversity" {Alch, Bglg} (curse)
rCorr   .          Rampage  +   (gloves unavailable)
Will    +++..      Clarity  +   y - +0 pair of boots of Ashenzari's Loss {rElec, Self, Elem} (curse)
Stlth   ..........              X - amulet "At What Cost Knowledge?" {Spirit, Elem, Cun} (curse)
HPRegen 0.38/turn               U - ring of the Fated Gloom {Str+6, Self, Alch} (curse)
MPRegen 0.22/turn               n - ring of Curses and Power {AC+4, Elem, Self} (curse)

@: silenced, lightly drained, repel missiles
A: claws 3, repulsion field 3, ignite blood 2, powered by death 3, torment
resistance 1, demonic willpower, low MP 1, strong-willed 1, shaggy fur 1
}: 2/15 runes: serpentine, barnacled
a: Renounce Religion, Curse Item, Shatter the Chains


You were on level 2 of the Depths.
You worshipped Ashenzari.
Ashenzari was extremely pleased with you.
You visited 8 branches of the dungeon, and saw 37 of its levels.
You visited the Abyss 1 time.
You also visited: Ice Cave.

You collected 3746 gold pieces.
You spent 1408 gold pieces at shops.


Innate Abilities, Weirdness & Mutations

You have claws for hands.
You are surrounded by a strong repulsion field. (EV +4, RMsl)
Your demonic aura often causes spilled blood to erupt in flames.
You regenerate a lot of health from kills.
You are resistant to unholy torment.
You punish those that try to bend your will. (Will+)
Your magical capacity is low. (-10% MP)
You are strong-willed. (Will+)
You are covered in fur. (AC +1)


   Skills:
 - Level 13.7(19.2) Fighting
 + Level 14.4 Axes
 + Level 15.9(18.1) Armour
 - Level 7.7(10.1) Dodging
 + Level 18.1(20.2) Shields
 - Level 4.4(9.3) Spellcasting
 - Level 6.6(11.1) Transmutations
 - Level 8.1(13.5) Earth Magic
 + Level 14.3 Evocations


You had 37 spell levels left.
You didn't know any spells.
Your spell library contained the following spells:

 Spells                   Type           Power      Damage    Failure   Level
 Spider Form              Tmut/Pois      16%        N/A       13%         3
 Ignite Poison            Fire/Tmut/Pois 13%        N/A       26%         3
 Animate Armour           Summ/Erth      36%        N/A       28%         4
 Shock                    Conj/Air       20%        1d4       36%         1
 Apportation              Tloc           10%        N/A       38%         1
 Magic Dart               Conj           20%        1d4       38%         1
 Ice Form                 Ice/Tmut       16%        N/A       38%         4
 Statue Form              Tmut/Erth      19%        N/A       41%         6
 Animate Skeleton         Necr           8%         N/A       43%         1
 Summon Small Mammal      Summ           16%        N/A       43%         1
 Poisonous Vapours        Pois/Air       12%        N/A       45%         2
 Ensorcelled Hibernation  Hex/Ice        10%        N/A       50%         2
 Corpse Rot               Necr/Air       10%        N/A       52%         2
 Call Imp                 Summ           4%         N/A       56%         2
 Frozen Ramparts          Ice            12%        1d3       69%         3
 Ozocubu's Armour         Ice            6%         N/A       69%         3
 Mephitic Cloud           Conj/Pois/Air  5%         N/A       73%         3
 Inner Flame              Hex/Fire       5%         N/A       75%         3
 Alistair's Intoxication  Tmut/Pois      10%        N/A       75%         5
 Dazzling Flash           Conj/Hex       10%        N/A       77%         3
 Lesser Beckoning         Tloc           5%         N/A       77%         3
 Summon Guardian Golem    Hex/Summ       4%         N/A       80%         3
 Airstrike                Air            3%         N/A       97%         4
 Hailstorm                Conj/Ice       5%         3d4       98%         4
 Summon Ice Beast         Ice/Summ       5%         N/A       98%         4
 Anguish                  Hex/Necr       2%         N/A       99%         4
 Cause Fear               Hex            2%         N/A       99%         4
 Iskenderun's Mystic Bla  Conj/Tloc      5%         2d3       99%         4
 Iron Shot                Conj/Erth      9%         9d3       99%         6
 Fireball                 Conj/Fire      2%         3d4       100%        5
 Freezing Cloud           Conj/Ice/Air   2%         6-21      100%        5
 Iskenderun's Battlesphe  Conj           5%         2d6       100%        5
 Lightning Bolt           Conj/Air       2%         1d14      100%        5
 Metabolic Englaciation   Hex/Ice        2%         N/A       100%        5
 Simulacrum               Ice/Necr       2%         N/A       100%        6
 Starburst                Conj/Fire      2%         6d3       100%        6
 Malign Gateway           Summ/Tloc      2%         N/A       100%        7
 Orb of Destruction       Conj           2%         9d5       100%        7
 Spellforged Servitor     Conj/Summ      2%         N/A       100%        7
 Summon Hydra             Summ           2%         N/A       100%        7
 Discord                  Hex            2%         N/A       100%        8
 Polar Vortex             Ice            3%         N/A       100%        9

Inventory:

Hand Weapons
 c - the +2 broad axe "Manamepi" {vamp, rCorr, axe}
   (You took it off a centaur on level 8 of the Dungeon)

   It occasionally heals its wielder for a portion of the damage dealt when it
   wounds a living foe.
   rCorr:     It protects you from acid and corrosion.
 z - a +9 broad axe of venom (weapon) {axe}
   (You bought it in a shop on level 3 of the Dungeon)
 N - the +6 dagger of the Volcano {freeze, *Corrode rN+ Str+2 Stlth+, short}
   (You found it on level 7 of the Dungeon)

   It freezes those it strikes, dealing additional cold damage.
   It can also slow down cold-blooded creatures.
   Str:       It affects your strength (+2).
   rN:        It protects you from negative energy.
   *Corrode:  It may corrode you when you take damage.
   Stlth:     It makes you more stealthy.
Missiles
 s - 4 curare-tipped darts (quivered) {=fthrowing}
 O - 10 throwing nets {=f!fthrowing}
Armour
 i - the cursed +1 helmet "Behold Eternity" (worn) {Self, Fort}
   (You found it on level 6 of the Lair of Beasts)

   It has a curse which improves the following skills: Introspection: Fighting
   and Spellcasting.
   Fortitude: Armour and Shields.
 j - a +3 crystal plate armour of cold resistance {rare=g}
   (You found it in an ice cave)
 y - the cursed +0 pair of boots of Ashenzari's Loss (worn) {rElec, Self, Elem}
   (You bought it in a shop on level 2 of the Orcish Mines)

   rElec:     It insulates you from electricity.
   It has a curse which improves the following skills: Introspection: Fighting
   and Spellcasting.
   Elements:  Fire Magic, Ice Magic, Air Magic and Earth Magic.
 A - a +5 scale mail of poison resistance (worn)
   (You took it off Urug on level 1 of the Lair of Beasts)
 P - the cursed +2 cloak "Restrained Adversity" (worn) {Alch, Bglg}
   (You took it off Maurice on level 8 of the Dungeon)

   It has a curse which improves the following skills: Alchemy: Poison Magic and
   Transmutations.
   Beguiling: Conjurations, Hexes and Translocations.
 S - the cursed +11 tower shield of the Revealing Comet (worn) {Rampage Str+3, Elem, Alch}
   (You found it on level 8 of the Dungeon)

   Str:       It affects your strength (+3).
   Rampage:   It bestows one free step when moving towards enemies.
   It has a curse which improves the following skills: Elements: Fire Magic, Ice
   Magic, Air Magic and Earth Magic.
   Alchemy:   Poison Magic and Transmutations.
Jewellery
 n - the cursed ring of Curses and Power (right claw) {AC+4, Elem, Self}
   (You found it on level 1 of the Lair of Beasts)

   [ring of protection]

   AC:        It affects your AC (+4).
   It has a curse which improves the following skills: Elements: Fire Magic, Ice
   Magic, Air Magic and Earth Magic.
   Introspection: Fighting and Spellcasting.
 I - a ring of poison resistance
   (You took it off a naga ritualist on level 4 of the Snake Pit)
 R - a ring of protection from cold
   (You took it off a centaur on level 8 of the Dungeon)
 U - the cursed ring of the Fated Gloom (left claw) {Str+6, Self, Alch}
   (You found it on level 8 of the Dungeon)

   [ring of strength]

   Str:       It affects your strength (+6).
   It has a curse which improves the following skills: Introspection: Fighting
   and Spellcasting.
   Alchemy:   Poison Magic and Transmutations.
 V - a ring of flight
   (You found it on level 8 of the Dungeon)
 X - the cursed amulet "At What Cost Knowledge?" (around neck) {Spirit, Elem, Cun}
   (You found it on level 8 of the Dungeon)

   [amulet of guardian spirit]

   It causes incoming damage to be divided between your reserves of health and
   magic.
   It has a curse which improves the following skills: Elements: Fire Magic, Ice
   Magic, Air Magic and Earth Magic.
   Cunning:   Dodging and Stealth.
Wands
 b - a wand of mindburst (15)
   (You found it on level 1 of the Lair of Beasts)
 w - a wand of polymorph (22)
   (You found it on level 6 of the Lair of Beasts)
 B - a wand of charming (9)
   (You found it on level 1 of the Lair of Beasts)
 F - a wand of paralysis (14)
   (You found it on level 5 of the Dungeon)
 J - a wand of acid (22)
   (You found it on level 6 of the Dungeon)
 K - a wand of iceblast (16)
   (You found it on level 7 of the Dungeon)
Scrolls
 g - 22 scrolls of teleportation {@r4}
 k - 4 scrolls of fear
 l - 7 scrolls of magic mapping {!r}
 o - a scroll of enchant weapon
 p - 2 scrolls of blinking {!r}
 v - a scroll of silence {!r}
 D - 4 scrolls of vulnerability {!r!r}
 E - 2 scrolls of holy word {!r}
 H - 5 scrolls of fog
 L - 2 scrolls of torment {!r}
 T - 4 scrolls of summoning
 W - 9 scrolls of immolation {!r!r}
Potions
 a - 7 potions of brilliance
 d - 5 potions of might
 e - 5 potions of mutation {!q}
 f - 13 potions of curing {@q1}
 h - 5 potions of lignification {!q}
 m - 5 potions of heal wounds {@q2}
 r - a potion of invisibility
 t - 2 potions of magic
 u - 3 potions of cancellation
 C - 2 potions of berserk rage {!q}
 M - 7 potions of flight
 Y - a potion of haste {@q3}
 Z - 2 potions of resistance
Miscellaneous
 q - a lightning rod (4/4)
   (You found it on level 6 of the Lair of Beasts)
 x - a condenser vane (inert)
   (You found it on level 3 of the Elven Halls)
 G - a box of beasts
   (You found it on level 2 of the Elven Halls)
 Q - a phial of floods
   (You found it on level 12 of the Dungeon)

Dungeon Overview and Level Annotations

Branches:
Dungeon (15/15)            Temple (0/1) D:4            Lair (6/6) D:9
 Shoals (4/4) Lair:2        Snake (4/4) Lair:3        Slime (1/5) Lair:6
    Orc (2/2) D:10            Elf (3/3) Orc:2        Vaults (0/5) D:13
 Depths (2/4) D:15          IceCv (visited)

Altars:
Ashenzari
Dithmenos
Fedhas
Hepliaklqana
Makhleb
Okawaru
Qazlal
Ru
Sif Muna
Trog
Uskayaw
Wu Jian
Zin
The Shining One
Beogh
Jiyva

Shops:
D:3 ((!(   D:14 ?   Orc:2 !:[[?   Elf:2 !   Elf:3 !(([[   Shoals:2 (
Shoals:3 *   Snake:2 *

Portals:
Hell: Depths:1
Pandemonium: Depths:1
Trove: D:12 (show abyssal rune of Zot)

Annotations:
D:4 3 runed translucent doors, bande's ghost, novice GrFi
D:5 3 runed translucent doors, Hubris850's ghost, novice GnCA
D:14 1 runed translucent door, Opnastoc's ghost, journeyman MiBe
Lair:4 exclusion: 4 oklob plants
Lair:5 exclusion: oklob plant
Lair:6 exclusion: obsidian statue
Snake:1 2 transporters, Romunoh's ghost, adept SpBr
Snake:3 Mara
Elf:1 1 runed translucent door
Depths:1 1 runed translucent door, gressup's ghost, veteran DrEE
Depths:2 1 runed door

* , ,,, ,,...#, **
..# ** ###..#* #..#
, ,{ .#..## * #..#∆∆
** {#..#m {#..#∆∆∆ ,
###..#. ####§.#****
,#.#..## #§§Z§§#., *
#e#..#. #MWZZ§+.,^{+
###..'. #Zz@§§#.∩**
#.#..#. ####W§##***,
#e#..## ##.#§§#:)∆
,,###..#.
##p#..#))$####.#..#L
###..#?)/#L.#e#..##
###..##########..##
#.#..............#e
#.#..............#.
###################


You could see a curse skull (unsilenced), a freezing wraith (summoned), a
spectral spark wasp (summoned), a wraith (summoned), a mummy (summoned), a
juggernaut simulacrum (summoned), an iron dragon zombie (summoned), a caustic
shrike skeleton (summoned) and a neutral human (wandering).


Message History

You block the soul eater's attack. 😕 HP[+1] MP[+1]
Your mp is fully restored (30).
You closely miss the soul eater. You block the soul eater's attack.
You barely miss the soul eater.
You block the soul eater's attack. 😕 HP[+1]
You closely miss the soul eater. You block the soul eater's attack.
You slice the soul eater!!
You kill the soul eater! 😕 HP[+1] 😕 HP[+1] 😕 HP[+1] 😕 HP[+1] 😕 HP[+1] 😕 HP[+1] 😕 HP[+1] 😕 HP[+1]
A curse skull comes into view. 😕 HP[+1]
The curse skull rattles its jaw silently. x2
You slash the curse skull!
You hit the freezing wraith but do no damage.
You hit the fire giant simulacrum.
You hit the caustic shrike skeleton but do no damage.
You slice the shadow wraith!!
The caustic shrike skeleton closely misses you. 😕 HP[+1]
You hit the curse skull but do no damage.
You hit the shadow wraith. You hit the caustic shrike skeleton.
You slash the fire giant simulacrum! You closely miss the freezing wraith.
You block the caustic shrike skeleton's attack.
The curse skull rattles its jaw silently.
The shadow wraith hits you!
You block the freezing wraith's attack. x2
The fire giant simulacrum hits you.
The fire giant simulacrum freezes you!!! 😮 HP[-44] MP[-8]
You take 44 damage, and now have 129/174 hp.
MASSIVE DAMAGE!! (PAUSE)
You lost 8 mp, and now have 22/30 mp.
You hit the curse skull but do no damage.
You closely miss the freezing wraith. You slice the fire giant simulacrum!!
You closely miss the wraith. You slash the shadow wraith!
The wraith disappears in a puff of smoke!
You block the freezing wraith's attack. x2; The shadow wraith misses you.
You block the caustic shrike skeleton's attack.
The fire giant simulacrum barely misses you.
You barely miss the curse skull. You hit the shadow wraith.
You slash the caustic shrike skeleton! You slash the fire giant simulacrum!
You hit the freezing wraith but do no damage.
You block the caustic shrike skeleton's attack.
You block the freezing wraith's attack. x2
The curse skull rattles its jaw silently. 😮 HP[+1]
You hit the curse skull but do no damage.
You slash the caustic shrike skeleton! You closely miss the shadow wraith.
You slash the spectral spark wasp! You barely miss the necrophage.
You slash the freezing wraith!
The necrophage disappears in a puff of smoke!
You block the spectral spark wasp's attack.
The caustic shrike skeleton claws you but does no damage.
You block the freezing wraith's attack. x2
The curse skull calls on the powers of darkness!
Your body is wracked with pain!
The spectral spark wasp is engulfed in freezing vapours.
The spectral spark wasp hits you.
You feel drained. 😮 HP[-33] MP[-6]
You now have 172 max hp (-2).
You take 33 damage, and now have 97/172 hp.
You lost 6 mp, and now have 16/30 mp.
You slash the shadow wraith!
You destroy the shadow wraith!
The shadow wraith disappears in a puff of smoke!
You hit the wraith. You slash the curse skull! You slash the freezing wraith!
You hit the spectral spark wasp but do no damage.
The curse skull calls on the powers of darkness!
Your body is wracked with pain!
* * * LOW HITPOINT WARNING * * *
You block the freezing wraith's attack. x2
The spectral spark wasp is engulfed in freezing vapours.
The spectral spark wasp hits you!
* * * LOW HITPOINT WARNING * * *
😨 HP[-26] MP[-4]
You take 26 damage, and now have 71/172 hp.
You lost 4 mp, and now have 12/30 mp.
Clouds of flame condense around you!
The condenser dries out!
The caustic shrike skeleton is engulfed in blazing flames.
The spectral spark wasp is engulfed in freezing vapours.
You block the spectral spark wasp's attack.
The juggernaut simulacrum hits you!!!
* * * LOW HITPOINT WARNING * * *
The juggernaut simulacrum freezes you!!!
* * * LOW HITPOINT WARNING * * *
You block the juggernaut simulacrum's attack.
The freezing wraith is engulfed in blazing flames.
The freezing wraith hits you but does no damage.
You block the freezing wraith's attack.
The wraith is engulfed in blazing flames.
The wraith hits you!
You die...

Skill      XL: |  1  2  3  4  5  6  7  8  9 10 11 12 13 14 15 16 17 18 19 20 |
---------------+-------------------------------------------------------------+-----
Axes           | 2 3 4 5 6 7 8 10 11 12 14 | 14.4
Armour         | 3 4 5 6 7 8 9 10 11 12 13 14 15 | 15.9
Shields        | 3 4 5 11 12 13 14 15 16 17 18 | 18.1
Fighting       | 4 5 6 7 8 10 11 12 13 | 13.7
Dodging        | 1 2 3 4 5 7 |  7.7
Evocations     | 1 3 4 5 7 9 10 12 13 14 | 14.3
Earth Magic    | 2 4 6 7 8 |  8.1
Spellcasting   | 2 4 |  4.4
Transmutations | 3 6 |  6.6

Action                   |  1- 3 |  4- 6 |  7- 9 | 10-12 | 13-15 | 16-18 | 19-21 || total
-------------------------+-------+-------+-------+-------+-------+-------+-------++-------
Melee: War axe           |   132 |    32 |       |       |       |       |       ||   164
       Hand axe          |       |   101 |   227 |    97 |       |       |       ||   425
       Morningstar       |       |       |    12 |       |       |       |       ||    12
       Broad axe         |       |       |       |   492 |  1176 |  1781 |   870 ||  4319
       Dagger            |       |       |       |    15 |    53 |       |       ||    68
Throw: Dart              |       |       |       |     1 |     3 |     1 |       ||     5
Invok: Curse Item        |       |       |     2 |     3 |     3 |     2 |       ||    10
       Shatter the Chain |       |       |       |     1 |     1 |       |       ||     2
Evoke: Wand              |       |       |     5 |     7 |     1 |     2 |     1 ||    16
       Lightning rod     |       |       |       |       |     3 |       |       ||     3
       Condenser vane    |       |       |       |       |       |       |     1 ||     1
  Use: Scroll            |       |       |     4 |     5 |     2 |    12 |     9 ||    32
       Potion            |       |       |     1 |     2 |     1 |    14 |       ||    18
 Stab: Paralysed         |       |       |     5 |    13 |       |       |       ||    18
       Sleeping          |       |       |       |       |       |     3 |       ||     3
Armor: Scale mail        |    85 |    78 |   108 |   244 |   261 |   320 |    48 ||  1144
       Crystal plate arm |       |       |       |       |   236 |   238 |   118 ||   592
Dodge: Dodged            |    62 |    82 |   115 |   271 |   531 |   728 |   166 ||  1955
       Repelled          |       |       |       |     6 |     4 |    41 |    20 ||    71
Block: Buckler           |    39 |    42 |    50 |    40 |       |       |       ||   171
       Tower shield      |       |       |       |   767 |  2083 |  2907 |   998 ||  6755
       Kite shield       |       |       |       |    45 |       |       |       ||    45

Levels and vault maps discovered:
D:1:      roderic_crossed_star, layout_basic
D:2:      layout_loops_corners, ebering_ecumenical_altar_abandoned,
          grunt_ministairs_9, minmay_misc_feat_tiny
D:3:      layout_basic, nicolae_overflow_hidden_temple,
          mainiacjoe_overflow_24_doors, minitemple, serial_shops,
          nicolae_diamond_shop, nicolae_shop_competitors_out_of_business, shop,
          nicolae_shop_bloodbath_and_beyond
D:4:      layout_loops_ring, minmay_temple_entry_drinking_statues,
          gammafunk_ghost_split
D:5:      layout_rooms, nzn_wu_jian_council_hall, gammafunk_ghost_necromancy,
          minivault_27
D:6:      layout_cave_pools, minmay_overflow_temple_star_quad, uniq_menkaure
D:7:      layout_loops_ring, riverfiend_overflow_shadow_ancestor,
          hellmonk_ghost_happy_afterlife, uniq_joseph, uniq_pikel
D:8:      minmay_the_grid_triangle_9x9_recursive_2
          [minmay_the_grid_triangle_9x9_prize_schism,
          minmay_the_grid_triangle_9x9_steps,
          minmay_the_grid_triangle_9x9_dagger,
          minmay_the_grid_triangle_9x9_thin_v], layout_cave_pools,
          nicolae_uskayaw_suspiria, uniq_maurice, uniq_psyche
D:9:      cheibrodos_grave_circle, layout_irregular_city,
          lemuel_coloured_pillars_altar, erik_lair_island
D:10:     layout_cave_pools, orc_0_dummy, uniq_harold, uniq_erica
D:11:     layout_loops_corners
D:12:     layout_roguey, trove_entry_hex_spiral, portal_ice_cave_entry_imps,
          nrook_pool_corridor, hangedman_decor_lopped, uniq_nergalle
D:13:     layout_cave_pools, erik_vaults_1
D:14:     layout_roguey, ebering_ghost_inner_flame, moated_statue, serial_shops,
          shop_scrolls
D:15:     grunt_enter_depths_magical_seal, layout_basic, skrybe_limestone_x,
          uniq_rupert
Lair:1:   layout_layer_cave, grunt_megastairs_4, uniq_urug
Lair:2:   layout_hall_layers, elwin_shoals_entry_stream
Lair:3:   layout_chaotic_city, minmay_snake_entry_guardpost_small,
          dreamdust_deal_with_the_devil
Lair:4:   layout_cave_pods, st_stairs_8, dpeg_oklob_1
Lair:5:   nzn_winding_woodlands_stair_cross [nzn_winding_woodlands_5x15_parted,
          nzn_winding_woodlands_center_pierced_h,
          nzn_winding_woodlands_5x15_crooked, nzn_winding_woodlands_5x5_cross,
          nzn_winding_woodlands_5x5_perimeter, nzn_winding_woodlands_5x15_eye,
          nzn_winding_woodlands_center_lodge,
          nzn_winding_woodlands_5x15_river_crossing], layout_long_grid,
          lemuel_oklob_altar, lemuel_fruit_fields, uniq_kirke
Lair:6:   due_jungle_book, layout_regular_city, slime_altar_2,
          minmay_lindwurm_lava
Shoals:1: layout_shoals, nicolae_shoals_seven_spires
Shoals:2: layout_shoals, serial_shops, nicolae_shop_hallway_plus
Shoals:3: layout_shoals, nicolae_shop_overcharged_wands
Shoals:4: shoals_end_grunt_ice, layout_shoals, uniq_polyphemus
Snake:1:  layout_misc_corridors, gammafunk_ghost_arena, serial_bayou_shore_a
Snake:2:  nicolae_snake_hallway, layout_layer_cave, serial_shops,
          nicolae_shop_temple_entry_statues_fountains, uniq_nikola, uniq_donald
Snake:3:  layout_concentric_octagons, grunt_megastairs_2, lemuel_fruit_tree,
          uniq_mara
Snake:4:  grunt_snake_rune_pools, layout_grid_shapes, drop_trap,
          grunt_megastairs_1, uniq_mlioglotl
Slime:1:  layout_caves
Orc:1:    layout_diamond_mine, david_defended_altar_orc, uniq_jorgrun
Orc:2:    st_orc_town, layout_caves, serial_shops, nicolae_shop_hallway_plus
Elf:1:    nicolae_elf_arrival_aired_out, layout_loops_cross,
          minmay_elf_demonology, nicolae_danse_macabre
Elf:2:    elven_hall_of_blades_hangedman_original
          [nicolae_blade_entry_diamond_columns], layout_loops_cross,
          serial_shops, nicolae_take_the_stairs, minmay_misc_feat_cross,
          hangedman_elven_pyramids
Elf:3:    minmay_elf_hall_dome, layout_loops_corners, serial_shops,
          nicolae_diamond_shop, shop, shop_fountains, shop,
          nicolae_diamond_shop, uniq_aizul
Depths:1: layout_gridlike, gammafunk_ghost_grave, hellmouth_1,
          chequers_serial_rivers_micro_d, rand_demon_pan_entry_9,
          hangedman_abyss_or_decor_stagger, zin_treasury, serial_bayou_shore_b,
          infiniplex_staircase_pool_lava, uniq_saint_roka
Depths:2: evilmike_wizard_prison, layout_gridlike, pan_entry, abyss_entry,
          pf_hell_entry_tar_spiral, minmay_staircase_bubble

Notes
Turn   | Place    | Note
-------+----------+-------------------------------------------
     0 | D:1      | GrayStillPlays the Demonspawn Fighter began the quest for
                  | the Orb.
     0 | D:1      | Reached XP level 1. HP: 18/18 MP: 1/1
     0 | D:1      | magus.rc [v1.9.6]
   182 | D:1      | Reached skill level 2 in Axes
   182 | D:1      | Gained mutation: You have sharp fingernails. [demonic
                  | ancestry]
   182 | D:1      | Reached XP level 2. HP: 13/24 MP: 2/2
   536 | D:1      | Reached skill level 3 in Armour
   597 | D:1      | Reached skill level 3 in Shields
   623 | D:1      | Reached XP level 3. HP: 28/29 MP: 3/3
  1829 | D:2      | Found a faded altar of an unknown god.
  2384 | D:3      | Found Reovvi's Antique Weapon Emporium.
  2443 | D:3      | Found a bloodstained altar of Trog.
  2503 | D:3      | Gained mutation: You regenerate a little health from kills.
                  | [demonic ancestry]
  2503 | D:3      | Reached XP level 4. HP: 24/35 MP: 4/4
  2834 | D:3      | HP: 5/37 [orc (11)]
  3256 | D:3      | Found Zoidyar's Weapon Shop.
  3352 | D:3      | Found a blossoming altar of Fedhas.
  3375 | D:3      | Found Xiwnuome's Weapon Boutique.
  3443 | D:2      | HP: 8/37 [poisoned by a gnoll]
  3732 | D:3      | Gained mutation: Your demonic aura sometimes causes spilled
                  | blood to erupt in flames. [demonic ancestry]
  3732 | D:3      | Reached XP level 5. HP: 42/42 MP: 5/5
  3740 | D:3      | Found Xagh's Distillery.
  4108 | D:3      | Found a stormy altar of Qazlal.
  4109 | D:3      | Found a broken altar of Ashenzari.
  4114 | D:3      | Became a worshipper of Ashenzari the Shackled
  4428 | D:4      | Reached skill level 4 in Fighting
  4480 | D:4      | Reached skill level 3 in Axes
  4636 | D:4      | Found a runed translucent gate.
  4636 | D:4      | Found a runed translucent gate.
  4636 | D:4      | Found a runed translucent gate.
  4636 | D:4      | Noticed bande's ghost (novice GrFi)
  4645 | D:4      | Reached XP level 6. HP: 40/48 MP: 6/6
  4715 | D:4      | You pick up a book of Winter and begin reading...
  4715 | D:4      | You add the spells Ozocubu's Armour, Metabolic Englaciation
                  | and Simulacrum to your library.
  4758 | D:4      | Reached skill level 4 in Armour
  4881 | D:4      | Found a staircase to the Ecumenical Temple.
  5032 | D:4      | Reached skill level 4 in Shields
  5161 | D:5      | Entered Level 5 of the Dungeon
  5437 | D:5      | Reached skill level 1 in Dodging
  5437 | D:5      | Gained mutation: You are surrounded by a mild repulsion
                  | field. (EV +2) [demonic ancestry]
  5437 | D:5      | Reached XP level 7. HP: 34/55 MP: 7/7
  5717 | D:5      | HP: 11/55 [something (6)]
  5738 | D:4      | HP: 12/55 [sky beast (3)]
  5779 | D:4      | HP: 10/55 [something (4)]
  5779 | D:4      | HP: 4/55 [something (6)]
  6088 | D:5      | Found an ornate altar of the Wu Jian Council.
  6092 | D:5      | You pick up a book of Rime and begin reading...
  6092 | D:5      | You add the spells Frozen Ramparts, Ice Form and Summon Ice
                  | Beast to your library.
  6464 | D:5      | Found a runed translucent gate.
  6464 | D:5      | Found a runed translucent gate.
  6464 | D:5      | Found a runed translucent gate.
  6467 | D:5      | Noticed Hubris850's ghost (novice GnCA)
  6612 | D:6      | Reached skill level 5 in Fighting
  6612 | D:6      | Reached skill level 4 in Axes
  6612 | D:6      | Reached skill level 2 in Dodging
  6612 | D:6      | Reached skill level 1 in Evocations
  6816 | D:6      | Found an iron altar of Okawaru.
  6820 | D:6      | Found a sacrificial altar of Ru.
  6863 | D:6      | Noticed a yak
  6864 | D:6      | Noticed a yak
  6864 | D:6      | Noticed a yak
  6886 | D:5      | Killed a yak
  6887 | D:5      | Gained mutation: You are surrounded by a moderate repulsion
                  | field. (EV +3) [demonic ancestry]
  6887 | D:5      | Reached XP level 8. HP: 60/62 MP: 8/8
  6888 | D:6      | Noticed Menkaure
  6900 | D:5      | HP: 14/62 [yak (12)]
  6947 | D:5      | HP: 12/62 [yak (11)]
  6949 | D:5      | HP: 1/62 [yak (6)]
  7266 | D:5      | Reached skill level 2 in Evocations
  7274 | D:5      | Reached skill level 5 in Armour
  7274 | D:5      | Reached skill level 5 in Shields
  7546 | D:6      | Reached skill level 3 in Dodging
  7727 | D:6      | Killed Menkaure
  8053 | D:6      | Found a shimmering blue altar of Sif Muna.
  8120 | D:7      | Noticed Pikel
  8145 | D:7      | Killed Pikel
  8146 | D:7      | Reached skill level 6 in Fighting
  8146 | D:7      | Reached skill level 5 in Axes
  8146 | D:7      | Reached skill level 3 in Evocations
  8146 | D:7      | Gained mutation: You regenerate health from kills. [demonic
                  | ancestry]
  8146 | D:7      | Reached XP level 9. HP: 63/71 MP: 9/9
  8223 | D:7      | Found a runed translucent door.
  8223 | D:7      | Noticed SnakkuSnakku7's ghost (novice TeEE)
  8265 | D:7      | Reached * piety under Ashenzari
  8492 | D:3      | Bought an encrusted morningstar for 216 gold pieces
  8492 | D:3      | Identified the +3 morningstar "Mafoe" {drain, rCorr Int-2
                  | Dex+2} (You bought it in a shop on level 3 of the Dungeon)
  8617 | D:7      | Noticed Joseph
  8628 | D:7      | Killed Joseph
  8629 | D:7      | Reached skill level 4 in Dodging
  8690 | D:7      | Reached skill level 4 in Evocations
  8948 | D:7      | Identified the +6 dagger of the Volcano {freeze, *Corrode
                  | rN+ Str+2 Stlth+}
  8960 | D:7      | Found a hazy altar of Hepliaklqana.
  8961 | D:7      | Found a shadowy altar of Dithmenos.
  9300 | D:8      | Identified a potion of experience
  9342 | D:8      | Noticed Psyche
  9349 | D:8      | Killed Psyche
  9350 | D:8      | Reached skill level 6 in Armour
  9350 | D:8      | Reached skill level 6 in Shields
  9374 | D:8      | Noticed Maurice
  9381 | D:7      | Reached skill level 11 in Shields
  9381 | D:7      | Reached XP level 10. HP: 80/80 MP: 10/10
  9583 | D:8      | Killed Maurice
  9888 | D:8      | Gained mutation: You are surrounded by a strong repulsion
                  | field. (EV +4, RMsl) [demonic ancestry]
  9888 | D:8      | Reached XP level 11. HP: 65/86 MP: 11/11
  9972 | D:8      | Noticed a red ugly thing
  9973 | D:8      | Noticed a purple ugly thing
 10035 | D:7      | Killed a green ugly thing
 10036 | D:7      | Reached skill level 6 in Axes
 10099 | D:7      | HP: 19/84 [green ugly thing (11)]
 10116 | D:7      | Killed a green ugly thing
 10117 | D:7      | Reached skill level 7 in Fighting
 10117 | D:7      | Reached skill level 5 in Evocations
 10366 | D:8      | Reached skill level 5 in Dodging
 10461 | D:8      | Found a hide-covered altar of Uskayaw.
 10475 | D:8      | Identified the +2 broad axe "Manamepi" {vamp, rCorr}
 10543 | D:8      | Noticed a harpy
 10627 | D:8      | Killed a harpy
 10732 | D:8      | Identified the +11 tower shield "Puomo" {Rampage Str+3}
 10740 | D:8      | You add the spells Shock, Ignite Poison, Hailstorm and
                  | Statue Form to your library.
 10740 | D:8      | Got the Compendium of Attacks and Changing
 10745 | D:8      | You add the spells Lesser Beckoning, Animate Armour and
                  | Summon Hydra to your library.
 10745 | D:8      | Got the Reference Book on Calling and Displacement
 11264 | D:8      | Reached skill level 1 in Earth Magic
 11353 | D:8      | Reached skill level 1 in Spellcasting
 11514 | D:9      | You pick up a book of the Tundra and begin reading...
 11683 | D:9      | Reached skill level 7 in Armour
 11689 | D:9      | Reached skill level 2 in Earth Magic
 11728 | D:9      | Reached skill level 2 in Spellcasting
 12191 | D:9      | Found a staircase to the Lair.
 12313 | D:9      | Reached ** piety under Ashenzari
 12847 | Lair:1   | Entered Level 1 of the Lair of Beasts
 12909 | Lair:1   | Noticed Urug
 12921 | Lair:1   | Killed Urug
 12980 | Lair:1   | Reached XP level 12. HP: 95/95 MP: 17/17
 13293 | Lair:1   | Reached skill level 7 in Axes
 13293 | Lair:1   | Reached skill level 6 in Dodging
 13305 | Lair:1   | Reached skill level 8 in Fighting
 13534 | Lair:1   | Noticed a six-headed hydra
 13542 | Lair:1   | Killed a six-headed hydra
 13654 | Lair:1   | Noticed a seven-headed hydra
 13671 | Lair:1   | Killed a seven-headed hydra
 13672 | Lair:1   | Reached skill level 3 in Spellcasting
 13672 | Lair:1   | Reached skill level 3 in Earth Magic
 14220 | Lair:1   | Reached skill level 12 in Shields
 14276 | Lair:2   | Found a staircase to the Shoals.
 15086 | Lair:2   | Reached skill level 4 in Earth Magic
 15309 | Lair:3   | Reached skill level 4 in Spellcasting
 15456 | Lair:3   | Reached skill level 8 in Armour
 15499 | Lair:3   | Found a staircase to the Snake Pit.
 16084 | Lair:4   | Reached skill level 7 in Dodging
 16088 | Lair:4   | Gained mutation: Your demonic aura often causes spilled
                  | blood to erupt in flames. [demonic ancestry]
 16088 | Lair:4   | Reached XP level 13. HP: 103/103 MP: 19/21
 16416 | Lair:4   | Identified the +0 chain mail of Responsibility {Str+3
                  | Slay+6}
 16437 | Lair:4   | Reached *** piety under Ashenzari
 17166 | Lair:5   | Reached skill level 9 in Fighting
 17221 | Lair:5   | Reached skill level 1 in Transmutations
 17428 | Lair:5   | Noticed Kirke
 17441 | Lair:5   | Noticed a sphinx
 17446 | Lair:5   | Killed Kirke
 17447 | Lair:5   | Reached skill level 2 in Transmutations
 17449 | Lair:5   | Reached skill level 5 in Earth Magic
 17623 | Lair:5   | Reached **** piety under Ashenzari
 17683 | Lair:5   | You pick up a book of Vapours and begin reading...
 17683 | Lair:5   | You add the spells Poisonous Vapours and Corpse Rot to your
                  | library.
 17987 | Lair:5   | Reached skill level 3 in Transmutations
 18057 | Lair:5   | Reached skill level 9 in Armour
 18136 | Lair:5   | Reached skill level 10 in Fighting
 18428 | Lair:6   | Entered Level 6 of the Lair of Beasts
 18428 | Lair:6   | Found a runed translucent door.
 18428 | Lair:6   | Found a viscous altar of Jiyva.
 18450 | Lair:6   | Reached skill level 6 in Earth Magic
 18582 | Lair:6   | Gained mutation: You have very sharp fingernails. [demonic
                  | ancestry]
 18582 | Lair:6   | Reached XP level 14. HP: 109/118 MP: 21/24
 18630 | Lair:6   | Reached skill level 4 in Transmutations
 18644 | Lair:6   | You pick up a book of Cantrips and begin reading...
 18644 | Lair:6   | You add the spells Animate Skeleton, Summon Small Mammal
                  | and Apportation to your library.
 18744 | Lair:6   | Reached skill level 13 in Shields
 19087 | Lair:6   | Identified the Grimoire of Feathers
 19235 | Lair:6   | Reached skill level 5 in Transmutations
 19431 | Lair:6   | Reached skill level 7 in Earth Magic
 19469 | Lair:6   | You add the spells Airstrike and Lightning Bolt to your
                  | library.
 19650 | Lair:6   | Reached skill level 10 in Armour
 19658 | Lair:6   | Reached skill level 11 in Fighting
 19728 | Lair:6   | Found a staircase to the Slime Pits.
 19965 | Lair:6   | Identified The Handbook of Greatest Risks and Utility
 20179 | D:10     | Entered Level 10 of the Dungeon
 20193 | D:10     | Noticed Erica
 20195 | D:10     | Found a staircase to the Orcish Mines.
 20200 | D:10     | Killed Erica
 20224 | D:10     | Noticed Harold
 20242 | D:10     | Killed Harold
 20707 | Orc:1    | Entered Level 1 of the Orcish Mines
 20893 | Orc:2    | Entered Level 2 of the Orcish Mines
 20920 | Orc:2    | Reached skill level 6 in Transmutations
 21007 | Orc:2    | Found Biymew's Magic Scroll Boutique.
 21048 | Orc:2    | Identified a +2 robe of the Archmagi
 21069 | Orc:2    | Reached XP level 15. HP: 115/126 MP: 22/25
 21116 | Orc:2    | Found Ethrogg's Antique Armour Boutique.
 21116 | Orc:2    | Found Faicoy Igromm's Book Shoppe.
 21154 | Orc:2    | Found Heiloak's Antique Armour Shoppe.
 21269 | Orc:2    | Found Ujisidy's Distillery.
 21526 | Orc:2    | Found a staircase to the Elven Halls.
 21693 | Orc:2    | Bought a pair of shimmering boots for 247 gold pieces
 21693 | Orc:2    | Identified the +0 pair of boots "Wastroneagh" {rElec} (You
                  | bought it in a shop on level 2 of the Orcish Mines)
 21978 | Orc:1    | Noticed Jorgrun
 21995 | Orc:1    | Killed Jorgrun
 21996 | Orc:1    | Reached skill level 8 in Earth Magic
 22433 | Orc:1    | Found a burning altar of Makhleb.
 23014 | D:11     | You pick up a book of Minor Magic and begin reading...
 23014 | D:11     | You add the spells Magic Dart, Call Imp and Mephitic Cloud
                  | to your library.
 23541 | D:12     | Found a frozen archway.
 23565 | IceCv    | Entered an ice cave
 23565 | IceCv    | Identified a +1 crystal plate armour of cold resistance
 23565 | IceCv    | Identified the +1 trident of Mutuj {drain, rPois rF+ rN+
                  | Dex-2}
 23568 | IceCv    | Found a transporter.
 23579 | IceCv    | Identified the +0 flail "Dragonslayer" {venom, rPois rN+}
 23582 | IceCv    | j - a +1 crystal plate armour of cold resistance {rare=g}
 23593 | IceCv    | You finish putting on your +1 crystal plate armour of cold
                  | resistance {rare=g}.
 23600 | IceCv    | Found a transporter.
 23833 | D:12     | Found a portal to a secret trove of treasure.
 23984 | D:12     | This trove requires the presence of the abyssal rune of Zot
                  | to function. Show it the item?
 24062 | D:12     | Noticed Nergalle
 24079 | D:12     | Killed Nergalle
 24552 | D:13     | Reached skill level 8 in Axes
 24697 | D:13     | Reached skill level 14 in Shields
 24877 | D:13     | Reached skill level 6 in Evocations
 24887 | D:13     | Found a gate to the Vaults.
 25046 | D:13     | You pick up a book of Minor Magic and begin reading...
 25140 | D:13     | Reached skill level 11 in Armour
 25298 | D:14     | Found Boem's Magic Scroll Shoppe.
 25323 | D:14     | Reached skill level 12 in Fighting
 25472 | D:14     | Found a runed translucent door.
 25474 | D:14     | Noticed Opnastoc's ghost (journeyman MiBe)
 26056 | D:15     | Entered Level 15 of the Dungeon
 26136 | D:15     | You pick up a book of Ice and begin reading...
 26136 | D:15     | You add the spells Freezing Cloud and Polar Vortex to your
                  | library.
 26729 | D:15     | Noticed Rupert
 26745 | D:15     | Killed Rupert
 26746 | D:15     | Reached skill level 7 in Evocations
 26961 | D:15     | Gained mutation: You punish those that try to bend your
                  | will. (Will+) [demonic ancestry]
 26961 | D:15     | Reached XP level 16. HP: 138/138 MP: 25/28
 26978 | D:15     | Found a staircase to the Depths.
 26984 | D:15     | You are cast into the Abyss!
 26984 | D:15     | Cast into level 2 of the Abyss (a wizard)
 26985 | Abyss:2  | Noticed a tentacled starspawn
 27264 | Abyss:2  | HP: 34/138 [starcursed mass/accursed screaming (6)]
 27434 | Abyss:2  | HP: 14/138 [hell hog/fireball (21)]
 27440 | Abyss:2  | HP: 30/138 [apocalypse crab (10)]
 27522 | Abyss:2  | Noticed a lich
 27562 | D:15     | You pass through the gate.
 27562 | D:15     | Escaped the Abyss
 27568 | D:15     | Reached skill level 9 in Axes
 27797 | D:7      | Killed SnakkuSnakku7's ghost
 27920 | Orc:2    | Bought a scroll of teleportation for 39 gold pieces
 27920 | Orc:2    | Bought a scroll of teleportation for 39 gold pieces
 27920 | Orc:2    | Bought a scroll of teleportation for 39 gold pieces
 27920 | Orc:2    | Bought a scroll of teleportation for 39 gold pieces
 27920 | Orc:2    | Bought 3 scrolls of teleportation for 117 gold pieces
 28118 | D:15     | You finish taking off your +1 crystal plate armour of cold
                  | resistance {rare=g}.
 28379 | Snake:1  | Entered Level 1 of the Snake Pit
 28907 | Snake:1  | Found a transporter.
 28911 | Snake:1  | Found a transporter.
 28911 | Snake:1  | Noticed Romunoh's ghost (adept SpBr)
 28929 | Snake:1  | Identified the +0 helmet of the Shining Light {Harm +Blink
                  | Str-4}
 29793 | Snake:2  | Noticed Donald
 29797 | Snake:2  | Found Sovuabib's Assorted Antiques.
 29812 | Snake:2  | Killed Donald
 30095 | Snake:2  | Bought a potion of curing for 78 gold pieces
 30095 | Snake:2  | Bought a potion of curing for 78 gold pieces
 30095 | Snake:2  | Bought a scroll of teleportation for 78 gold pieces
 30121 | Snake:2  | Reached skill level 8 in Evocations
 30132 | Snake:2  | Bought a scroll of enchant armour for 195 gold pieces
 30664 | Snake:2  | Reached skill level 13 in Fighting
 30684 | Snake:2  | Noticed Nikola
 30701 | Snake:2  | Killed Nikola
 30822 | Snake:2  | Reached skill level 12 in Armour
 31667 | Snake:3  | Reached skill level 10 in Axes
 31756 | Snake:3  | Noticed Mara
 31770 | Snake:3  | Noticed GrayStillPlays's illusion
 32233 | Snake:3  | Reached skill level 15 in Shields
 32415 | Snake:4  | Entered Level 4 of the Snake Pit
 32549 | Snake:4  | Reached skill level 9 in Evocations
 32571 | Snake:4  | Reached XP level 17. HP: 148/149 MP: 29/29
 32638 | Snake:4  | You pick up a book of Dangerous Friends and begin
                  | reading...
 32638 | Snake:4  | You add the spells Summon Guardian Golem, Orb of
                  | Destruction and Spellforged Servitor to your library.
 32924 | Snake:4  | Noticed Mlioglotl
 32939 | Snake:4  | Paralysed by accursed screaming for 1 turns
 33384 | Shoals:1 | Entered Level 1 of the Shoals
 33635 | Shoals:1 | your +1 crystal plate armour of cold resistance {rare=g}
                  | glows green for a moment.
 33993 | Shoals:1 | Reached ***** piety under Ashenzari
 34570 | Shoals:2 | Noticed a kraken
 35028 | Shoals:2 | You pick up a book of Hexes and begin reading...
 35028 | Shoals:2 | You add the spells Inner Flame, Cause Fear and Discord to
                  | your library.
 35161 | Shoals:2 | Found Hymasui's Antique Weapon Emporium.
 35305 | Shoals:3 | Reached skill level 10 in Evocations
 35368 | Shoals:3 | Reached skill level 11 in Axes
 35403 | Shoals:3 | Reached skill level 13 in Armour
 35443 | Shoals:3 | Found Xoraikk's Overcharged Wands.
 35455 | Shoals:3 | Identified the +2 ring mail of Tulucw {Rampage +Blink}
 36043 | Shoals:4 | Entered Level 4 of the Shoals
 36169 | Shoals:4 | Noticed Polyphemus
 36371 | Shoals:4 | Killed Polyphemus
 36549 | Shoals:4 | Noticed a kraken
 36600 | Shoals:4 | Gained mutation: You have claws for hands. [demonic
                  | ancestry]
 36600 | Shoals:4 | Reached XP level 18. HP: 158/160 MP: 30/31
 36613 | Shoals:4 | Reached skill level 16 in Shields
 36671 | Shoals:4 | You pick up a book of Spectacle and begin reading...
 36671 | Shoals:4 | You add the spells Dazzling Flash, Iskenderun's Mystic
                  | Blast and Starburst to your library.
 37088 | Shoals:4 | Reached skill level 11 in Evocations
 37281 | Shoals:4 | You finish putting on your +2 crystal plate armour of cold
                  | resistance {rare=g}.
 37291 | Shoals:4 | Got a barnacled rune of Zot
 37723 | Shoals:4 | your +2 crystal plate armour of cold resistance {rare=g}
                  | glows green for a moment.
 37729 | Shoals:4 | You finish taking off your +3 crystal plate armour of cold
                  | resistance {rare=g}.
 37944 | Slime:1  | Entered Level 1 of the Pits of Slime
 37954 | Slime:1  | Reached skill level 12 in Axes
 38074 | Slime:1  | Gained mutation: You passively map a small area around you.
                  | [a shining eye]
 38078 | Slime:1  | Gained mutation: Armour fits poorly on your strangely
                  | shaped body. [a shining eye]
 38092 | Slime:1  | Gained mutation: You have hidden genetic defects. [a
                  | shining eye]
 38105 | Lair:6   | Lost mutation: You have hidden genetic defects. [potion of
                  | mutation]
 38105 | Lair:6   | Lost mutation: You passively map a small area around you.
                  | [potion of mutation]
 38105 | Lair:6   | Gained mutation: You are strong-willed. (Will+) [potion of
                  | mutation]
 38105 | Lair:6   | Lost mutation: Armour fits poorly on your strangely shaped
                  | body. [potion of mutation]
 38105 | Lair:6   | Gained mutation: Your magical capacity is low. (-10% MP)
                  | [potion of mutation]
 38105 | Lair:6   | Gained mutation: You are covered in fur. (AC +1) [potion of
                  | mutation]
 38345 | Elf:1    | Entered Level 1 of the Elven Halls
 38358 | Orc:2    | You finish putting on your +3 crystal plate armour of cold
                  | resistance {rare=g}.
 38368 | Elf:1    | Paralysed by an air elemental for 1 turns
 38489 | Elf:1    | Reached skill level 14 in Armour
 38489 | Elf:1    | Noticed a Tzitzimitl
 38701 | Elf:1    | Found a runed translucent door.
 38895 | Elf:1    | Reached skill level 12 in Evocations
 38944 | Elf:1    | Identified the Catalogue of the Escort
 39331 | Elf:2    | Found the +6 Majin-Bo {vamp, MP+6 Int+6}
 39388 | Elf:2    | Found a runed translucent gate.
 39389 | Elf:2    | Found a runed translucent gate.
 39542 | Elf:2    | Gained mutation: You are resistant to unholy torment.
                  | [demonic ancestry]
 39542 | Elf:2    | Reached XP level 19. HP: 167/167 MP: 29/29
 39820 | Elf:2    | Found a runed translucent gate.
 39838 | Elf:2    | Found Qihalo's Distillery.
 39845 | Elf:2    | Paralysed by an air elemental for 1 turns
 40088 | Elf:2    | Reached skill level 13 in Axes
 40097 | Elf:2    | Reached skill level 17 in Shields
 40778 | Elf:3    | Entered Level 3 of the Elven Halls
 40781 | Elf:3    | Noticed Aizul
 40795 | Elf:3    | Killed Aizul
 40803 | Elf:2    | HP: 41/167 [poisoned by Aizul (bolt of poison)]
 40808 | Elf:2    | HP: 38/167 [poisoned by Aizul (bolt of poison)]
 41204 | Elf:3    | Identified the +0 dagger "Kecsov" {spect, rPois rC+ rCorr}
 41261 | Elf:3    | Found Xuq Voam's Armour Emporium.
 41296 | Elf:3    | Found Titugg's Antique Armour Boutique.
 41552 | Elf:3    | Found Leecini's Weapon Boutique.
 41657 | Elf:3    | Found Qizikegu's Weapon Shoppe.
 41667 | Elf:3    | Reached skill level 13 in Evocations
 41712 | Elf:3    | Paralysed by an air elemental for 1 turns
 41897 | Elf:3    | Found Egauc's Distillery.
 41917 | Elf:3    | Bought a potion of heal wounds for 75 gold pieces
 41953 | Elf:3    | Reached skill level 15 in Armour
 41966 | Elf:3    | Identified the +3 hunting sling of Adamp {freeze, rF- rC+
                  | Will+ Int+3}
 42112 | Elf:3    | Identified a +1 robe of the Archmagi
 42146 | Elf:3    | Paralysed by an air elemental for 1 turns
 42196 | Elf:3    | Paralysed by an air elemental for 1 turns
 42835 | Elf:3    | Identified the amulet of Freedom {Faith Harm rCorr}
 43145 | Elf:3    | Found the +3 sling "Punk" {acid, rCorr}
 43201 | Elf:3    | Could not pick up a +0 quick blade {shortrare=g} here;
                  | ([A]lways) ignore it?
 43201 | Elf:3    | Could not pick up a +0 quick blade {shortrare=g} here;
                  | ([A]lways) ignore it?
 43201 | Elf:3    | Could not pick up a +0 quick blade {shortrare=g} here;
                  | ([A]lways) ignore it?
 43201 | Elf:3    | Could not pick up a +0 quick blade {shortrare=g} here;
                  | ([A]lways) ignore it?
 43201 | Elf:3    | Could not pick up a +0 quick blade {shortrare=g} here;
                  | ([A]lways) ignore it?
 43201 | Elf:3    | Could not pick up a +0 quick blade {shortrare=g} here;
                  | ([A]lways) ignore it?
 43201 | Elf:3    | Could not pick up a +0 quick blade {shortrare=g} here;
                  | ([A]lways) ignore it?
 43201 | Elf:3    | Could not pick up a +0 quick blade {shortrare=g} here;
                  | ([A]lways) ignore it?
 43201 | Elf:3    | Could not pick up a +0 quick blade {shortrare=g} here;
                  | ([A]lways) ignore it?
 43201 | Elf:3    | Could not pick up a +0 quick blade {shortrare=g} here;
                  | ([A]lways) ignore it?
 43201 | Elf:3    | Could not pick up a +0 quick blade {shortrare=g} here;
                  | ([A]lways) ignore it?
 43201 | Elf:3    | Could not pick up a +0 quick blade {shortrare=g} here;
                  | ([A]lways) ignore it?
 43201 | Elf:3    | Could not pick up a +0 quick blade {shortrare=g} here;
                  | ([A]lways) ignore it?
 43201 | Elf:3    | Could not pick up a +0 quick blade {shortrare=g} here;
                  | ([A]lways) ignore it?
 43201 | Elf:3    | Could not pick up a +0 quick blade {shortrare=g} here;
                  | ([A]lways) ignore it?
 43201 | Elf:3    | Could not pick up a +0 quick blade {shortrare=g} here;
                  | ([A]lways) ignore it?
 43201 | Elf:3    | Could not pick up a +0 quick blade {shortrare=g} here;
                  | ([A]lways) ignore it?
 43233 | Elf:3    | Identified the +1 buckler "Voiz" {rF+ rN+}
 43236 | Elf:3    | Identified the +4 ring mail of Repulsion {Int+4}
 43236 | Elf:3    | Identified the Handbook of the Entourage and Heat
 43245 | Elf:3    | Identified the +3 ring mail of Fallacy {Will+++ rCorr Dex-5
                  | Stlth-}
 43249 | Elf:3    | You pick up a book of Party Tricks and begin reading...
 43251 | Elf:3    | You pick up a book of Dreams and begin reading...
 43251 | Elf:3    | You add the spells Ensorcelled Hibernation, Spider Form and
                  | Anguish to your library.
 43258 | Elf:3    | You pick up a book of Power and begin reading...
 43258 | Elf:3    | You add the spells Iskenderun's Battlesphere and Iron Shot
                  | to your library.
 43263 | Elf:3    | You pick up a book of Hexes and begin reading...
 43340 | Elf:3    | Could not pick up a +0 quick blade {shortrare=g} here;
                  | ([A]lways) ignore it?
 43340 | Elf:3    | Could not pick up a +0 quick blade {shortrare=g} here;
                  | ([A]lways) ignore it?
 43340 | Elf:3    | Could not pick up a +0 quick blade {shortrare=g} here;
                  | ([A]lways) ignore it?
 43340 | Elf:3    | Could not pick up a +0 quick blade {shortrare=g} here;
                  | ([A]lways) ignore it?
 43340 | Elf:3    | Could not pick up a +0 quick blade {shortrare=g} here;
                  | ([A]lways) ignore it?
 43340 | Elf:3    | Could not pick up a +0 quick blade {shortrare=g} here;
                  | ([A]lways) ignore it?
 43341 | Elf:3    | z - a +0 quick blade {shortrare=g}
 43729 | D:3      | Bought a glowing broad axe for 168 gold pieces
 43731 | D:3      | You drop a +0 quick blade {shortrare=g}.
 44131 | Snake:3  | You finish taking off your +3 crystal plate armour of cold
                  | resistance {rare=g}.
 44636 | Snake:4  | Reached skill level 14 in Axes
 44636 | Snake:4  | Gained mutation: You regenerate a lot of health from kills.
                  | [demonic ancestry]
 44636 | Snake:4  | Reached XP level 20. HP: 174/174 MP: 30/30
 44685 | Snake:4  | Got a serpentine rune of Zot
 45017 | Snake:4  | Killed Mlioglotl
 45780 | Depths:1 | Entered Level 1 of the Depths
 45780 | Depths:1 | Noticed gressup's ghost (veteran DrEE)
 45780 | Depths:1 | Identified the Disquisition on Unholy Rituals
 45780 | Depths:1 | Found a runed translucent door.
 45812 | Depths:1 | Noticed Saint Roka
 45828 | Depths:1 | Killed Saint Roka
 45829 | Depths:1 | Reached skill level 14 in Evocations
 46187 | Depths:1 | Identified the +6 demon whip "Magrij" {venom, rC+ rN+
                  | rCorr}
 46187 | Depths:1 | Found a gateway to Hell.
 46406 | Depths:1 | Found a one-way gate leading to the halls of Pandemonium.
 46407 | Depths:1 | Reached skill level 18 in Shields
 47321 | Depths:2 | Noticed a dread lich
 47325 | Depths:2 | Identified a scroll of acquirement
 47325 | Depths:2 | Identified the +4 short sword of Kaybanemn {freeze, rF+ rC+
                  | Str+3 Int+4}
 47340 | Depths:2 | Found a runed door.
 47359 | Depths:2 | Noticed a curse skull
 47368 | Depths:2 | HP: 32/172 [juggernaut simulacrum[a curse skull] (39)]
 47368 | Depths:2 | HP: 1/172 [juggernaut simulacrum[a curse skull] (31)]
 47368 | Depths:2 | Mangled by a wraith

Vanquished Creatures
  Saint Roka (Depths:1)
  Nikola (Snake:2)
  Mlioglotl (Snake:4)
  Rupert (D:15)
  Jorgrun (Orc:1)
  A deep elf blademaster (Elf:3)
  A deep elf master archer (Elf:3)
  3 acid blobs (Slime:1)
  Polyphemus (Shoals:4)
  Kirke (Lair:5)
  A tengu reaver (Depths:1)
  Donald (Snake:2)
  A rockslime (Slime:1)
  A fire giant (Depths:1)
  9 deep elf sorcerers
  Aizul (Elf:3)
  A very ugly thing (Abyss:2)
  4 stone giants (Depths:1)
  A vampire knight (Depths:1)
  6 deep elf demonologists
  4 dire elephants (Lair:6)
  6 deep elf annihilators (Elf:3)
  6 spark wasps (Depths:1)
  2 ettins (Depths:1)
  7 deep elf death magi
  4 merfolk javelineers
  8 merfolk impalers
  4 deep elf high priests (Elf:3)
  12 hydras
  8 salamander tyrants
  A rakshasa (Depths:1)
  6 boulder beetles
  18 naga warriors
  Harold (D:10)
  2 merfolk avatars
  An alligator snapping turtle (Shoals:4)
  A catoblepas (Shoals:3)
  A spriggan air mage (Depths:1)
  An ice dragon (Depths:1)
  Erica (D:10)
  7 centaur warriors
  A death knight (D:13)
  32 dancing weapons
  5 merfolk aquamancers
  9 anacondas
  4 two-headed ogres
  A satyr (Shoals:4)
  8 death yaks
  A tengu warrior (Depths:1)
  A spriggan berserker (Depths:1)
  A vampire mage (Depths:1)
  A deep troll earth mage (Depths:1)
  2 thrashing horrors (Abyss:2)
  Urug (Lair:1)
  22 deep elf knights
  6 shock serpents
  Nergalle (D:12)
  5 soul eaters
  A spectral death yak (Lair:6)
  6 naga sharpshooters (Snake:4)
  A wretched star (Abyss:2)
  15 sea snakes
  5 deep trolls (Depths:1)
  A spectral anaconda (Lair:6)
  19 deep elf archers
  4 salamander mystics
  7 naga ritualists
  3 wizards
  5 necromancers
  An orc knight (Orc:1)
  A kraken simulacrum (Shoals:4)
  Pikel (D:7)
  2 harpies (shapeshifter)
  28 deep elf pyromancers
  40 deep elf zephyrmancers
  21 harpies
  6 fauns (Shoals:3)
  16 mana vipers
  23 salamanders
  A wolf spider (D:13)
  11 ugly things
  10 orc sorcerers
  11 cyclopes
  34 black mambas
  8 merfolk sirens
  Maurice (D:8)
  A dire elephant zombie (Lair:6)
  24 elephants
  14 manticores
  3 guardian serpents
  3 smoke demons
  Joseph (D:7)
  7 water nymphs
  2 torpor snails (Lair:5)
  The ghost of SnakkuSnakku7 the Archer, a novice TeEE (D:7)
  19 naga magi
  A demonic crawler (Abyss:2)
  12 cane toads
  A gargoyle (D:8)
  2 unseen horrors
  An efreet (Abyss:2)
  6 rime drakes
  Psyche (D:8)
  An ice devil (Abyss:2)
  2 hellwings (D:9)
  11 komodo dragons
  4 kobold demonologists
  3 freezing wraiths
  A harpy zombie (Abyss:2)
  2 ancient zymes (Abyss:2)
  11 trolls
  8 wind drakes
  5 polar bears
  A hornet (D:8)
  10 slime creatures
  10 blink frogs
  A wolf spider simulacrum (D:15)
  32 merfolk
  3 raiju (Abyss:2)
  12 snapping turtles
  15 dream sheep
  A spectral elephant (Lair:6)
  A raiju (shapeshifter) (Elf:1)
  A flying skull (Abyss:2)
  2 centaur simulacra (D:15)
  8 air elementals
  A meliai zombie (D:9)
  A shadow (Abyss:2)
  6 wyverns
  10 water elementals
  39 yaks
  2 wraiths
  3 ynoxinuls (Abyss:2)
  2 fire elementals
  A hog (shapeshifter) (Elf:1)
  5 hogs (Lair:5)
  3 golden eyes (Slime:1)
  4 vampire mosquitoes
  6 basilisks
  3 death yak simulacra
  A steam dragon (D:8)
  7 large abominations (Abyss:2)
  2 spectral cane toads (Lair:6)
  Menkaure (D:6)
  3 acid dragons
  5 wargs (Orc:2)
  11 water moccasins
  46 nagas
  A sky beast (D:7)
  A hornet zombie (D:15)
  11 orc warriors
  A necrophage (D:5)
  An elephant zombie (Lair:6)
  28 wolves
  3 ogres
  13 centaurs
  2 elephant skeletons (Lair:6)
  A lemure (D:7)
  10 kobold brigands
  2 gnoll sergeants
  17 bullfrogs
  2 earth elementals
  2 cane toad simulacra (Lair:6)
  A water moccasin zombie (D:6)
  4 small abominations (Abyss:2)
  2 elephant simulacra (Lair:6)
  2 wights (D:8)
  3 electric eels
  2 howler monkeys
  10 centaur zombies
  2 jellies
  5 centaur skeletons
  19 orc priests
  5 hounds
  A bullfrog skeleton (D:6)
  A gnoll shaman (D:8)
  3 iguanas
  42 orc wizards
  11 hell rats
  A polar bear simulacrum (IceCv)
  A killer bee zombie (D:7)
  2 howler monkey zombies
  10 gnolls
  5 adders
  2 shadow imps (D:9)
  12 white imps (D:12)
  3 ufetubi
  An adder skeleton (D:4)
  3 worms
  A dart slug (D:1)
  92 orcs
  7 ball pythons
  10 bats
  9 endoplasms
  2 giant cockroaches
  12 goblins
  12 hobgoblins
  4 jackals (D:1)
  22 kobolds
  3 quokkas
  4 frilled lizards
  7 rats
  2 lurking horrors (Abyss:2)
  2 starspawn tentacles (Abyss:2)
1365 creatures vanquished.

Vanquished Creatures (others)
  A spark wasp (Depths:1)
  A dancing weapon (Elf:2)
  2 deep elf knights
  3 deep elf zephyrmancers (Elf:1)
  A dream sheep (Shoals:4)
  An orc wizard (Orc:2)
  A shadow imp (D:9)
  An orc (Orc:2)
  A butterfly (Lair:5)
  55 fungi
  81 plants
  5 starspawn tentacles
  20 tentacles
  29 withered plants
202 creatures vanquished.

Grand Total: 1567 creatures vanquished

Table legend:
 A = Non-vault XP
 B = Vault XP
 C = Vault XP percentage of total XP
 D = Non-vault monster count
 E = Vault monster count
 F = Vault count percentage of total count
                 A         B        C        D         E       F
            +---------+---------+-------+---------+---------+-------
      Total |  317384 |  199304 |  38.6 |     940 |     430 |  31.4
            +---------+---------+-------+---------+---------+-------
        D:1 |      61 |       0 |   0.0 |      34 |       0 |   0.0
        D:2 |      56 |       3 |   5.1 |      16 |       2 |  11.1
        D:3 |      89 |       0 |   0.0 |      21 |       0 |   0.0
        D:4 |     400 |       0 |   0.0 |      34 |       0 |   0.0
        D:5 |    1071 |       0 |   0.0 |      19 |       0 |   0.0
        D:6 |     551 |     169 |  23.5 |      17 |       1 |   5.6
        D:7 |     718 |    3018 |  80.8 |      19 |       8 |  29.6
        D:8 |     656 |    4735 |  87.8 |      11 |      20 |  64.5
        D:9 |     799 |    4125 |  83.8 |      23 |      20 |  46.5
       D:10 |    2291 |    1689 |  42.4 |       7 |       2 |  22.2
       D:11 |    3659 |       0 |   0.0 |      15 |       0 |   0.0
       D:12 |    5564 |     905 |  14.0 |      12 |      13 |  52.0
       D:13 |   10335 |    1654 |  13.8 |      26 |       2 |   7.1
       D:14 |    9024 |       0 |   0.0 |      24 |       0 |   0.0
       D:15 |    8298 |    5932 |  41.7 |      15 |      10 |  40.0
     Lair:1 |    6268 |    2172 |  25.7 |      18 |       7 |  28.0
     Lair:2 |    2194 |    1677 |  43.3 |       9 |       4 |  30.8
     Lair:3 |    3885 |     470 |  10.8 |      24 |       3 |  11.1
     Lair:4 |    2438 |     205 |   7.8 |      13 |       1 |   7.1
     Lair:5 |    6575 |   14293 |  68.5 |      33 |      33 |  50.0
     Lair:6 |   16409 |   15575 |  48.7 |      51 |      38 |  42.7
   Shoals:1 |   11045 |       0 |   0.0 |      21 |       0 |   0.0
   Shoals:2 |   10070 |       0 |   0.0 |      21 |       0 |   0.0
   Shoals:3 |   15090 |    7880 |  34.3 |      34 |      10 |  22.7
   Shoals:4 |   20551 |   18063 |  46.8 |      46 |      32 |  41.0
    Snake:1 |   13017 |       0 |   0.0 |      26 |       0 |   0.0
    Snake:2 |   14712 |   10309 |  41.2 |      35 |      18 |  34.0
    Snake:3 |    8757 |    7833 |  47.2 |      18 |      14 |  43.8
    Snake:4 |   23046 |   25144 |  52.2 |      46 |      36 |  43.9
    Slime:1 |    7045 |       0 |   0.0 |       9 |       0 |   0.0
      Orc:1 |    3230 |    1929 |  37.4 |      17 |       4 |  19.0
      Orc:2 |    3192 |    5080 |  61.4 |      43 |      60 |  58.3
      Elf:1 |   23928 |    8586 |  26.4 |      42 |      16 |  27.6
      Elf:2 |   29790 |   20145 |  40.3 |      44 |      28 |  38.9
      Elf:3 |   24566 |   29147 |  54.3 |      39 |      26 |  40.0
   Depths:1 |   28004 |    5477 |  16.4 |      31 |      11 |  26.2
   Depths:2 |       0 |    2344 | 100.0 |       0 |       3 | 100.0
    Abyss:2 |       0 |       0 |   N/A |      27 |       5 |  15.6
      IceCv |       0 |     745 | 100.0 |       0 |       3 | 100.0
            +---------+---------+-------+---------+---------+-------

Illustrated notes

Table legend:
 A = Kills in this place as a percentage of kills in entire the game.
 B = Kills by you in this place as a percentage of kills by you in the entire game.
 C = Kills by friends in this place as a percentage of kills by friends in the entire game.
 D = Other kills in this place as a percentage of other kills in the entire game.
 E = Experience gained in this place as a percentage of experience gained in the entire game.
 F = Experience gained in this place divided by the number of levels of this place that you have seen.
                   A       B       C       D       E      F
               +-------+-------+-------+-------+-------+----------------------
         Total | 100.0 | 100.0 |   N/A | 100.0 | 100.0 | 13248.4
       Dungeon |  27.1 |  27.2 |   N/A |  10.0 |  12.7 | 4386.8
          Lair |  17.1 |  17.2 |   N/A |   0.0 |  14.0 | 12026.8
        Shoals |  12.0 |  12.0 |   N/A |  10.0 |  16.0 | 20674.8
     Snake Pit |  14.1 |  14.2 |   N/A |   0.0 |  19.9 | 25704.5
    Slime Pits |   0.7 |   0.7 |   N/A |   0.0 |   1.4 | 7045.0
  Orcish Mines |   9.1 |   9.0 |   N/A |  10.0 |   2.6 | 6715.5
   Elven Halls |  14.2 |  13.9 |   N/A |  60.0 |  26.4 | 45387.3
        Depths |   3.3 |   3.2 |   N/A |  10.0 |   6.9 | 17912.5
         Abyss |   2.3 |   2.4 |   N/A |   0.0 |   0.0 |   0.0
      Ice Cave |   0.2 |   0.2 |   N/A |   0.0 |   0.1 | 745.0
               +-------+-------+-------+-------+-------+----------------------

Table legend: (Time is in decaauts)
 A = Elapsed time spent in this place.
 B = Non-inter-level travel time spent in this place.
 C = Inter-level travel time spent in this place.
 D = Time resting spent in this place.
 E = Time spent auto-exploring this place.
 F = Levels seen in this place.
 G = Mean time per level.
                   A        B        C        D        E       F      G
               +--------+--------+--------+--------+--------+-----+--------+
         Total |  49153 |  44622 |   4531 |   6707 |  23520 |  39 | 1260.3 |
       Dungeon |  19321 |  17445 |   1876 |   3153 |   9931 |  15 | 1288.1 |
          Lair |   8612 |   7541 |   1071 |    315 |   5139 |   6 | 1435.3 |
        Shoals |   4840 |   4676 |    164 |    799 |   2065 |   4 | 1210.0 |
     Snake Pit |   6480 |   5917 |    563 |   1183 |   2538 |   4 | 1620.0 |
    Slime Pits |    157 |    157 |      0 |     44 |      0 |   1 |  157.0 |
  Orcish Mines |   2177 |   1715 |    462 |    267 |    817 |   2 | 1088.5 |
   Elven Halls |   5290 |   5005 |    285 |    862 |   2044 |   3 | 1763.3 |
        Depths |   1588 |   1480 |    108 |      0 |    985 |   2 |  794.0 |
         Abyss |    630 |    630 |      0 |     84 |      0 |   1 |  630.0 |
      Ice Cave |     52 |     52 |      0 |      0 |      0 |   1 |   52.0 |
               +--------+--------+--------+--------+--------+-----+--------+

Top non-repeatable levels by time:
 Snake:2: 2395 daAuts
   Elf:2: 2198 daAuts
   Elf:3: 2155 daAuts
     D:7: 2006 daAuts
 Snake:4: 1947 daAuts
  Lair:6: 1829 daAuts
     D:2: 1730 daAuts
  Lair:1: 1658 daAuts
     D:9: 1617 daAuts
     D:3: 1585 daAuts
     D:5: 1581 daAuts
Depths:1: 1467 daAuts
  Lair:5: 1438 daAuts
     D:8: 1430 daAuts
     D:4: 1421 daAuts
